 Dungeon Crawl Stone Soup version 0.16-a0-3086-ga63ba9b (webtiles) character file.

627 myeffort the Geomancer (level 7, -4/55 HPs)
             Began as a Deep Dwarf Earth Elementalist on Dec 11, 2014.
             Slain by a water moccasin skeleton (6 damage)
             ... on level 6 of the Dungeon.
             The game lasted 00:12:06 (3917 turns).

myeffort the Geomancer (DDEE)                       Turns: 3917, Time: 00:12:06

Health: -4/55      AC:  2    Str: 12    XL:     7   Next: 23%
Magic:  17/17      EV: 12    Int: 17    God:
Gold:   243        SH:  0    Dex: 13    Spells: 4 memorised, 3 levels left

rFire  . . .     SeeInvis .     a - +5 short sword
rCold  . . .     Clarity  .     c - +0 robe
rNeg   . . .     SustAb   .     (no shield)
rPois  .         Gourm    +     (no helmet)
rElec  .         Spirit   .     (no cloak)
rCorr  .         Warding  .     (no gloves)
rMut   .         Stasis   .     (no boots)
MR     +....                    r - amulet of the gourmand
Stlth  ++........               (no ring)
                                (no ring)

@: non-regenerating, somewhat resistant to hostile enchantments, unstealthy
A: damage resistance, recharge devices, sense surroundings 1, slow healing 3
a: Device Recharging


You were on level 6 of the Dungeon.
You were very full.

You visited 1 branch of the dungeon, and saw 6 of its levels.

You collected 243 gold pieces.

Inventory:

Hand weapons
 a - a +5 short sword (weapon)
 o - a +0 dagger of venom
 q - a +0 rapier
 t - a +2 dagger of electrocution
Missiles
 b - 122 stones (quivered)
Armour
 c - a +0 robe (worn)
 C - a +0 shield
Jewellery
 e - an uncursed ring of magical power {unknown}
 l - an uncursed amulet of faith {unknown}
 r - an amulet of the gourmand (around neck)
 y - an uncursed ring of see invisible {unknown}
Magical devices
 p - a wand of heal wounds (1)
Scrolls
 h - a scroll of remove curse
 F - 2 scrolls of random uselessness
Potions
 g - a potion of haste
 i - a potion of magic {unknown}
 j - a potion of might {unknown}
 m - 2 potions of heal wounds {unknown}
 n - a potion of mutation {unknown}
 s - a potion of ambrosia {unknown}
 v - 2 potions of brilliance {unknown}
 E - a potion of agility
 I - a potion of poison {unknown}
 K - 2 potions of restore abilities {unknown}
Books
 d - a book of Geomancy

   Spells                             Type                      Level
   a - Sandblast                      Earth                        1
   b - Stoneskin                      Transmutation/Earth          2
   c - Passwall                       Transmutation/Earth          3
   d - Stone Arrow                    Conjuration/Earth            3
   e - Petrify                        Transmutation/Earth          4
   f - Lee's Rapid Deconstruction     Earth                        5
 u - a Young Poisoner's Handbook

   Spells                             Type                      Level
   a - Sting                          Conjuration/Poison           1
   b - Cure Poison                    Poison                       2
   c - Mephitic Cloud                 Conjuration/Poison/Air       3
   d - Olgreb's Toxic Radiance        Poison                       4
   e - Venom Bolt                     Conjuration/Poison           5
Comestibles
 f - 2 bread rations
 w - 2 fruits
 A - a meat ration
 G - a slice of pizza


   Skills:
 - Level 2.1 Dodging
 - Level 2.4 Stealth
 - Level 0.9 Shields
 - Level 4.0 Spellcasting
 - Level 0.8 Transmutations
 + Level 9.2 Earth Magic


You had 3 spell levels left.
You knew the following spells:

 Your Spells              Type           Power        Failure   Level  Hunger
a - Sandblast             Erth           #####.       1%          1    None
b - Stoneskin             Trmt/Erth      ###.....     2%          2    ##.....
c - Passwall              Trmt/Erth      ###.......   8%          3    ###....
d - Lee's Rapid Deconstr  Erth           #####.....   12%         5    ######.


Dungeon Overview and Level Annotations

Branches:
Dungeon (6/15)
 Temple: D:4-7

Altars:
Ashenzari
Elyvilon
Qazlal
Sif Muna
Yredelemnul

Annotations:
D:3 Grinder
D:4 exclusion: ice beast


Innate Abilities, Weirdness & Mutations

You are resistant to damage.
You can recharge devices by infusing magical energy.
You passively map a small area around you.
You do not heal naturally.


Message History

* * * LOW HITPOINT WARNING * * *
You hit the water moccasin skeleton. The water moccasin skeleton bites you.
You closely miss the water moccasin skeleton.
The water moccasin skeleton closely misses you.
You hit the water moccasin skeleton.
The water moccasin skeleton barely misses you.
The water moccasin skeleton bites you.
You hit the water moccasin skeleton. The water moccasin skeleton bites you.
* * * LOW HITPOINT WARNING * * *
You closely miss the water moccasin skeleton.
The water moccasin skeleton closely misses you.
You hit the water moccasin skeleton. The water moccasin skeleton bites you.
The water moccasin skeleton barely misses you.
You hit the water moccasin skeleton.
The water moccasin skeleton barely misses you.
You puncture the water moccasin skeleton!
The water moccasin skeleton closely misses you.
You closely miss the water moccasin skeleton.
The water moccasin skeleton bites you!
You die...

#.#.# #.# #.#
#.#.###.#######.#
#.........<..#.#
##
###.###>####..##
#.* , #.#
#........# #.* ,
** ####.#
#####.###.#.
.....# #.# .#
###### #.####Z# *
, #....@$# ,
########* ***


You could see a water moccasin skeleton.

Vanquished Creatures
  A sky beast (D:5)
  Blork the orc (D:5)
  A scorpion (D:4)
  A centaur skeleton (D:4)
  An orc priest (D:3)
  4 orc wizards (D:5)
  2 worker ants (D:4)
  Ijyb (D:2)
  6 adders
  2 shadow imps
  4 worms
  An adder zombie (D:3)
  4 giant geckos
  8 orcs
  A giant cockroach (D:2)
  2 gnoll zombies (D:3)
  11 hobgoblins
  10 jackals
  10 kobolds
  2 quokkas
  A ball python (D:2)
  14 bats
  2 giant newts
  15 goblins
  12 rats
  3 ballistomycetes (D:6)
120 creatures vanquished.

Vanquished Creatures (others)
  A giant spore (D:6)
1 creature vanquished.

Grand Total: 121 creatures vanquished

Notes
Turn   | Place    | Note
--------------------------------------------------------------
     0 | D:1      | myeffort, the Deep Dwarf Earth Elementalist, began the quest for the Orb.
     0 | D:1      | Reached XP level 1. HP: 15/15 MP: 2/2
   301 | D:1      | Reached XP level 2. HP: 14/22 MP: 0/5
   842 | D:2      | Found a stormy altar of Qazlal.
   938 | D:2      | Reached XP level 3. HP: 12/28 MP: 2/8
  1134 | D:2      | Found a shattered altar of Ashenzari.
  1189 | D:2      | Learned a level 2 spell: Stoneskin
  1193 | D:2      | Learned a level 3 spell: Passwall
  1377 | D:2      | Reached XP level 4. HP: 23/36 MP: 8/10
  1427 | D:2      | Noticed Ijyb
  1443 | D:2      | Killed Ijyb
  1664 | D:3      | Found a deep blue altar of Sif Muna.
  1822 | D:3      | Noticed Grinder
  1865 | D:3      | Found a basalt altar of Yredelemnul.
  2015 | D:3      | Reached skill level 5 in Earth Magic
  2015 | D:3      | Reached XP level 5. HP: 24/42 MP: 8/13
  2427 | D:4      | Noticed an ice beast
  2436 | D:3      | Learned a level 5 spell: Lee's Rapid Deconstruction
  2498 | D:4      | Found a white marble altar of Elyvilon.
  2622 | D:4      | Reached skill level 6 in Earth Magic
  2930 | D:4      | Reached XP level 6. HP: 23/49 MP: 9/15
  3009 | D:4      | Reached skill level 7 in Earth Magic
  3064 | D:5      | Entered Level 5 of the Dungeon
  3073 | D:5      | Noticed Blork the orc
  3082 | D:5      | Killed Blork the orc
  3159 | D:5      | Reached skill level 8 in Earth Magic
  3343 | D:5      | Reached XP level 7. HP: 22/55 MP: 9/17
  3664 | D:5      | Reached skill level 9 in Earth Magic
  3912 | D:6      | HP: 2/55 [water moccasin skeleton (2)]
  3917 | D:6      | Slain by a water moccasin skeleton

Action                   |  1- 3 |  4- 6 |  7- 9 || total
-------------------------+-------+-------+-------++-------
Melee: Unarmed           |    13 |       |       ||    13
       Short sword       |     3 |    94 |    55 ||   152
 Cast: Sandblast         |    81 |    75 |    18 ||   174
       Stoneskin         |     1 |     1 |     1 ||     3
Evoke: Wand              |     1 |     2 |     1 ||     4
  Use: Scroll            |       |       |     8 ||     8
       Potion            |       |       |     1 ||     1
 Stab: Sleeping          |       |     5 |       ||     5
  Eat: Chunk             |     1 |    21 |     2 ||    24
